 Dungeon Crawl Stone Soup version 0.30-a0-476-g330ca2eb8e (console) character file.

Game seed: 9096760986178710175

267490 petzl the Eclecticist (level 20, -12/147 (158) HPs)
             Began as a Formicid Delver on Dec 22, 2022.
             Was the Champion of Vehumet.
             Killed from afar by Dogosyr's ghost (18 damage)
             ... with a stone arrow
             ... on level 3 of the Spider Nest on Dec 30, 2022.
             The game lasted 05:59:55 (55324 turns).

petzl the Eclecticist (Formicid Delver)            Turns: 55324, Time: 05:59:56

HP:   -12/147 (158) AC: 16    Str: 19    XL:     20   Next: 96%
MP:   52/58         EV: 17    Int: 20    God:    Vehumet [******]
Gold: 1048          SH:  9    Dex: 19    Spells: 7/52 levels left

rFire   + + .      SeeInvis +    q - +3 whip {vorpal, Contam rC+++ Will+ rCorr}
rCold   + + +      Faith    .    R - +3 warlock's mirror {reflect}
rNeg    . . .      Spirit   .    F - +3 leather armour of Inference {Regen+ Int+5}
rPois   +          Reflect  +    (helmet unavailable)
rElec   +          Harm     .    K - +2 cloak
rCorr   +          Rampage  .    s - +2 pair of gloves {Stlth+}
Will    ++++.      Clarity  +    u - +2 pair of boots {Fly}
Stlth   ++++++....               r - amulet of Lugonu's Castigation {rElec Regen+ rCorr Str+3 Int-3}
HPRegen 2.04/turn                v - ring of Asegeam {rPois rF++ MP+9 Str-2 Dex+6}
MPRegen 0.36/turn                x - ring "Onwimeko" {Will+ MP+9 EV+4}

@: spiked, flying, studying Short Blades, drained
A: permanent stasis, dig shafts and tunnels, antennae 3, four strong arms,
clarity, clumsy 1, sense surroundings 1
}: 2/15 runes: barnacled, gossamer
a: Dig, Shaft Self, Renounce Religion


You were on level 3 of the Spider Nest.
You worshipped Vehumet.
Vehumet was exalted by your worship.
You visited 6 branches of the dungeon, and saw 31 of its levels.
You visited 1 bazaar.
You also visited: Trove, Bailey, Gauntlet and Ice Cave.

You collected 6259 gold pieces.
You spent 5211 gold pieces at shops.

Inventory:

Hand Weapons
 a - a +0 rapier of electrocution
 b - a +1 eveningstar of freezing
 c - a +7 trident of venom
 l - a +2 eveningstar of pain
 q - the +3 whip of Hacking and Slashing (weapon) {vorpal, Contam rC+++ Will+ rCorr}
   (You found it on level 1 of the Lair of Beasts)

   It inflicts extra damage upon your enemies.
   rC:        It renders you almost immune to cold.
   Contam:    It causes magical contamination when unequipped.
   rCorr:     It protects you from acid and corrosion.
   Will:      It increases your willpower.
 Z - the +7 shortbow of Poihux {drain, rElec rF+}
   (You found it on level 4 of the Lair of Beasts)

   A truly terrible weapon, it drains the life of any living foe it strikes.
   rF:        It protects you from fire.
   rElec:     It insulates you from electricity.
Missiles
 w - 58 poisoned darts
 E - 10 silver javelins (quivered)
 N - 19 curare-tipped darts
 V - 5 throwing nets
Armour
 m - a +0 kite shield of reflection
 s - a +2 pair of gloves of stealth (worn)
 u - a +2 pair of boots of flying (worn)
 F - the +3 leather armour of Inference (worn) {Regen+ Int+5}
   (You bought it in a shop on level 2 of the Dungeon)

   Int:       It affects your intelligence (+5).
   Regen:     It increases your rate of health regeneration.
 G - an orb of light
 K - a +2 cloak (worn)
 R - the +3 warlock's mirror (worn) {reflect}
   (You acquired it on level 10 of the Dungeon)

   It can block and reflect piercing ranged attacks and magical attacks against
   the wielder's willpower.
Jewellery
 r - the amulet of Lugonu's Castigation (around neck) {rElec Regen+ rCorr Str+3 Int-3}
   (You took it off a minotaur in a Gauntlet)

   [amulet of regeneration]

   Str:       It affects your strength (+3).
   Int:       It affects your intelligence (-3).
   rElec:     It insulates you from electricity.
   Regen:     It increases your rate of health regeneration.
   rCorr:     It protects you from acid and corrosion.
 v - the ring of Asegeam (left hand) {rPois rF++ MP+9 Str-2 Dex+6}
   (You bought it in a shop on level 2 of the Orcish Mines)

   [ring of dexterity]

   Str:       It affects your strength (-2).
   Dex:       It affects your dexterity (+6).
   rF:        It greatly protects you from fire.
   rPois:     It protects you from poison.
   MP:        It affects your magic capacity (+9).
 x - the ring "Onwimeko" (right hand) {Will+ MP+9 EV+4}
   (You bought it in a shop on level 2 of the Orcish Mines)

   [ring of evasion]

   EV:        It affects your evasion (+4).
   MP:        It affects your magic capacity (+9).
   Will:      It increases your willpower.
 z - the ring of Gumaofiy {rF- Will++ MP+9}
   (You took it off a merfolk impaler on level 2 of the Shoals)

   [ring of magical power]

   rF:        It makes you vulnerable to fire.
   MP:        It affects your magic capacity (+9).
   Will:      It greatly increases your willpower.
 A - an amulet of the acrobat
Wands
 f - a wand of digging (14)
 y - a wand of iceblast (16)
 H - a wand of mindburst (8)
 J - a wand of flame (42)
 M - a wand of light (29)
 W - a wand of charming (30)
Scrolls
 e - 4 scrolls of fear
 i - a scroll of acquirement
 k - a scroll of magic mapping
 p - a scroll of butterflies
 t - 2 scrolls of poison
 B - a scroll of enchant weapon
 C - a scroll of enchant armour
 D - 3 scrolls of fog
Potions
 d - a potion of lignification
 g - 3 potions of cancellation
 h - 19 potions of curing
 j - 4 potions of invisibility
 n - 5 potions of heal wounds
 P - 7 potions of ambrosia
 T - 4 potions of magic
Miscellaneous
 o - a phantom mirror
 I - a phantom mirror
 O - a tin of tremorstones (2/2)
 U - a condenser vane


   Skills:
 + Level 13.9 Fighting
 - Level 3.0 Maces & Flails
 - Level 6.0 Armour
 - Level 4.0 Dodging
 + Level 10.9 Stealth
 - Level 4.0 Shields
 * Level 16.9 Spellcasting
 + Level 13.5 Conjurations
 + Level 8.9 Summonings
 + Level 9.6 Translocations
 + Level 12.2 Fire Magic
 - Level 13.5 Ice Magic
 - Level 5.0 Air Magic
 - Level 4.4 Poison Magic
 - Level 3.0 Evocations


You had 7 spell levels left.
You knew the following spells:

 Your Spells              Type           Power      Damage    Failure   Level
a - Magic Dart            Conj           100%       1d8       0%          1
b - Fireball              Conj/Fire      31%        3d13      1%          5
l - Freezing Cloud        Conj/Ice/Air   28%        6-21      1%          5
m - Mephitic Cloud        Conj/Pois/Air  47%        N/A       1%          3
o - Orb of Destruction    Conj           31%        9d10      4%          7
p - Passage of Golubria   Tloc           53%        N/A       1%          4
s - Sticky Flame          Conj/Fire      62%        2d8       1%          4
A - Ozocubu's Armour      Ice            63%        N/A       1%          3
C - Conjure Ball Lightni  Conj/Air       26%        3x3d8     4%          6
H - Summon Hydra          Summ           25%        N/A       71%         7

Your spell library contained the following spells:

 Spells                   Type           Power      Damage    Failure   Level
 Ignition                 Fire           30%        3d10      45%         8
 Freeze                   Ice            100%       1d10      0%          1
 Apportation              Tloc           100%       N/A       1%          1
 Kiss of Death            Conj/Necr      100%       2d13      1%          1
 Summon Small Mammal      Summ           100%       N/A       1%          1
 Call Imp                 Summ           51%        N/A       1%          2
 Momentum Strike          Conj/Tloc      100%       3d10      1%          2
 Scorch                   Fire           100%       2d10      1%          2
 Searing Ray              Conj           100%       2d8       1%          2
 Call Canine Familiar     Summ           51%        N/A       1%          3
 Dazzling Flash           Conj/Hex       88%        N/A       1%          3
 Frozen Ramparts          Ice            100%       1d16      1%          3
 Hailstorm                Conj/Ice       63%        3d13      1%          3
 Ignite Poison            Fire/Tmut/Pois 39%        N/A       1%          3
 Kindle Blastsparks       Fire/Tloc/Air  100%       2d18      1%          3
 Lesser Beckoning         Tloc           100%       N/A       1%          3
 Portal Projectile        Hex/Tloc       72%        N/A       1%          3
 Vhi's Electric Charge    Tloc/Air       92%        N/A       1%          3
 Airstrike                Air            18%        2d(3-19)  1%          4
 Flame Wave               Conj/Fire      62%        2d14      1%          4
 Fulminant Prism          Conj/Hex       22%        3d12      1%          4
 Iskenderun's Mystic Bla  Conj/Tloc      59%        2d12      1%          4
 Manifold Assault         Tloc           53%        N/A       1%          4
 Arcjolt                  Conj/Air       26%        1d36      1%          5
 Iskenderun's Battlesphe  Conj           63%        2d11      1%          5
 Starburst                Conj/Fire      31%        6d9       1%          6
 Irradiate                Conj/Tmut      22%        3d19      2%          5
 Ice Form                 Ice/Tmut       43%        N/A       3%          4
 Summon Forest            Summ/Tloc      26%        N/A       3%          5
 Beastly Appendage        Tmut           32%        N/A       4%          1
 Necrotise                Necr           64%        1d7       4%          1
 Spider Form              Tmut/Pois      25%        N/A       6%          3
 Wereblood                Tmut           16%        N/A       8%          2
 Metabolic Englaciation   Hex/Ice        21%        N/A       9%          5
 Spellforged Servitor     Conj/Summ      29%        N/A       11%         7
 Iron Shot                Conj/Erth      22%        9d5       12%         6
 Confusing Touch          Hex            16%        N/A       14%         3
 Tukima's Dance           Hex            16%        N/A       14%         3
 Summon Cactus Giant      Summ           25%        N/A       19%         6
 Yara's Violent Unravell  Hex/Tmut       8%         3d5       32%         5
 Cause Fear               Hex            8%         N/A       43%         4
 Dispel Undead            Necr           16%        3d10      43%         4
 Silence                  Hex/Air        13%        N/A       43%         5
 Simulacrum               Ice/Necr       21%        N/A       43%         6
 Alistair's Intoxication  Tmut/Pois      16%        N/A       47%         5
 Eringya's Noxious Bog    Tmut/Pois      12%        N/A       56%         6
 Malign Gateway           Summ/Tloc      26%        N/A       65%         7
 Agony                    Necr           16%        N/A       80%         5
 Blade Hands              Tmut           8%         N/A       80%         5
 Dragon Form              Tmut           8%         N/A       100%        7
 Storm Form               Tmut/Air       13%        N/A       100%        7
 Polar Vortex             Ice            31%        N/A       98%         9
 Maxwell's Capacitive Co  Air            18%        ∞         100%        8
 Summon Horrible Things   Summ           25%        N/A       100%        8
 Dragon's Call            Summ           25%        N/A       100%        9
 Blink                    Tloc           Unusable   N/A       N/A         2

Dungeon Overview and Level Annotations

Branches:
Dungeon (15/15)            Temple (1/1) D:4            Lair (5/5) D:8
 Shoals (4/4) Lair:3       Spider (4/4) Lair:2        Slime (0/5) Lair:5
    Orc (2/2) D:9             Elf (0/3) Orc:2        Vaults (0/5) D:14
 Depths (0/4) D:15         Bailey (visited)           IceCv (visited)
Gauntlet (visited)

Altars:
Ashenzari
Cheibriados
Dithmenos
Elyvilon
Fedhas
Gozag
Hepliaklqana
Kikubaaqudgha
Makhleb
Nemelex Xobeh
Okawaru
Qazlal
Ru
Sif Muna
Trog
Uskayaw
Vehumet
Wu Jian
Xom
Yredelemnul
Zin
The Shining One
Jiyva

Shops:
D:2 *:!(   D:8 [(   D:10 *   Orc:2 ==((

Annotations:
D:14 exclusion: downstairs
Spider:2 exclusion: downstairs
Spider:3 1 transporter, Arachne; Dogosyr's ghost, journeyman DgEE


Innate Abilities, Weirdness & Mutations

You cannot be hasted, slowed, berserked, paralysed or teleported.
You can dig through walls and to a lower floor.
You have a pair of large antennae on your head. (SInv)
Your four strong arms can wield two-handed weapons with a shield.
You possess an exceptional clarity of mind.
You are clumsy. (Dex -2)
You passively map a small area around you.


Message History

The emperor scorpion misses you. x2; The emperor scorpion claws you!
Dogosyr's ghost hits you! Space warps horribly around you.
You block the steelbarb worm's attack. The emperor scorpion misses you.
The emperor scorpion barely misses you.
You block the emperor scorpion's attack.
You hit the demonic crawler but do no damage.
The steelbarb worm hits you but does no damage.
The emperor scorpion stings you!!
You block the emperor scorpion's attack.
The emperor scorpion claws you!
Arachne drinks a potion.
Arachne's spells are empowered!
The demonic crawler completely misses you.
The demonic crawler closely misses you. You block the demonic crawler's attack.
Dogosyr's ghost hits you. Space warps horribly around you!
The steelbarb worm barely misses you.
Unknown command.
The demonic crawler attacks as you move away!
You block the demonic crawler's attack. x2
The demonic crawler hits you but does no damage.
The steelbarb worm attacks as you move away!
The steelbarb worm hits you!!
* * * LOW HITPOINT WARNING * * *
Barbed spikes become lodged in your body.
The barbed spikes dig painfully into your body as you move.
* * * LOW HITPOINT WARNING * * *
The emperor scorpion stings you!
* * * LOW HITPOINT WARNING * * *
The emperor scorpion closely misses you.
The emperor scorpion claws you.
* * * LOW HITPOINT WARNING * * *
The jorogumo stares at you and mumbles some strange words.
The bolt of negative energy hits Dogosyr's ghost.
Dogosyr's ghost completely resists.
The bolt of negative energy misses you. The emperor scorpion stings you.
* * * LOW HITPOINT WARNING * * *
The emperor scorpion claws you.
* * * LOW HITPOINT WARNING * * *
The emperor scorpion completely misses you.
Dogosyr's ghost points at you and mumbles some strange words.
The stone arrow hits you!!
You die...

###.#^.#######...^.###....^###
#.....#...# #.....#.#^#
##..#...####....### ##...##.^##
##^.###...# #...#..##
#^....#^####.........#
#..#.#..#####.^##.#
##..#^...#.##...##....#
##.......##.#######
#...##..##..^...#....## #.^#..####..##
######..#^............# ####..##....^#
###.####........####...# ##..^.#..#>.#
#.....#...###...###....#
#...#...##########.......#..#..#..###..##
##.###..#.#.##..######..#####...^####...#
###.##......#..#.^.....#.#^##.........##
#...................#.....#.###........
##..>....©...#...#..#..##....#...##....
##.#..#####...#######......##...##....
##..##.©.##.....#.......#..^.^.......
##..##.###.##..#...##..###.......##...
##..##..~.~.~##..#...#[[.##..##.^.##...
##..##8~~.s...8##...#....##....#........
##..##.~#.##~.#s@##..#..#<.#..####^..##..
#..##~...##.##wsWH##...##..#### ##...##^.
#..#~#..##w..##yH#Z#....#....# #......^.
#..#.#.~#|)..|#Hy#©#..#.#.#.## ##..#....
#..#.#..#...~##..#.#..####### #..##....
#..##..~.##.##.~$.##..#### #...)..!.
##.?##..#~###.#..##..#.#.# ##..##...
##..##8~..~.~.8##.......# #...##...
##..##..~....##.......## #........
##..##s###.##....##...### #....##..
##..##s..##..####...##.### ##....##..
##..#####....#.#.#.....^###.........
##...©...##...####....##...........
##.....#......# #.#...#...##...##^ ####
###..####^.##########...#####..##.
#<.######^#.#.###..#.#.#.[.##....#
#^.....
#..#.#..#....^..##.............###
#..####
####.^.........#..#^...........#^# #..# #
#........#..##....########^^#.####
#..####


You could see Arachne (soul bound, empowered), an emperor scorpion (berserk,
soul bound), 2 jorogumos, a steelbarb worm (berserk, soul bound), a demonic
crawler, 2 moths of wrath, a tarantella, Dogosyr's ghost and a redback
simulacrum.

Vanquished Creatures
  Nikola (Spider:1)
  A tentacled monstrosity (Shoals:2)
  Polyphemus (Shoals:2)
  The ghost of Cihivoiw the Ruinous, an adept TeCj of Sif Muna (Shoals:3)
  3 krakens
  Kirke (Shoals:1)
  Donald (Spider:1)
  Gastronok (D:11)
  Louise (Spider:1)
  9 emperor scorpions
  7 ghost moths
  3 broodmothers
  A dire elephant (D:15)
  A white draconian (IceCv)
  A minotaur (Gauntlet)
  The ghost of Dordric the Bludgeoner, a journeyman OgBe of Trog (D:11)
  4 spark wasps
  13 merfolk impalers
  A fire dragon (Lair:4)
  6 entropy weavers
  5 merfolk javelineers
  An ice dragon (D:15)
  2 great orbs of eyes (Shoals:2)
  An ironbound frostheart (IceCv)
  A catoblepas (Shoals:2)
  An ogre mage (D:15)
  8 vault guards
  3 merfolk avatars
  Harold (D:10)
  9 hydras
  6 boulder beetles
  2 jorogumos (Spider:4)
  The ghost of Jase the Blocker, a journeyman FoFi of Xom (Lair:4)
  2 radroaches
  2 satyrs (Shoals:2)
  The ghost of p00ps00p the Cleaver, a novice HOFi of Gozag (D:8)
  2 centaur warriors
  3 alligator snapping turtles
  6 merfolk aquamancers
  3 death yaks (Shoals:2)
  5 two-headed ogres
  Urug (D:10)
  A tengu warrior (D:13)
  8 pharaoh ants
  6 steelbarb worms
  12 sea snakes
  3 sun moths
  A kraken simulacrum (Shoals:4)
  10 orb spiders
  An orange crystal statue (D:13)
  5 orc knights
  10 harpies
  5 oklob plants
  22 wolf spiders
  11 orc sorcerers
  3 deep elf pyromancers
  5 cyclopes
  10 fauns
  17 manticores
  3 moths of wrath
  A salamander (D:15)
  13 ugly things
  9 merfolk sirens
  An apocalypse crab (Shoals:2)
  7 black mambas
  Joseph (D:7)
  A gargoyle (D:10)
  6 torpor snails
  17 cane toads
  5 demonic crawlers
  32 rime drakes
  An efreet (D:14)
  3 komodo dragons
  7 trolls
  A hornet (D:7)
  6 meliai
  A queen bee (Lair:2)
  13 tarantellas
  5 wind drakes
  26 merfolk
  17 blink frogs
  14 polar bears
  4 tyrant leeches (Lair:5)
  5 slime creatures (D:11)
  4 dream sheep (Shoals:4)
  23 jumping spiders
  17 culicivoras
  11 snapping turtles
  2 wraiths
  7 water elementals
  2 basilisks
  52 yaks
  5 wyverns
  A shadow (D:9)
  4 hogs (Shoals:1)
  Eustachio (D:6)
  9 vampire mosquitoes
  9 wargs
  15 steam dragons
  A redback simulacrum (D:15)
  34 redbacks
  A naga (shapeshifter) (D:14)
  18 water moccasins
  3 acid dragons
  Duvessa (D:6)
  2 hell hounds (Gauntlet)
  25 orc warriors
  4 black bears
  2 sky beasts (D:7)
  2 ice beasts
  13 centaurs
  11 wolves
  6 ogres
  A phantom (D:5)
  18 bullfrogs
  3 gnoll sergeants
  11 kobold brigands
  2 necrophages
  Blork the orc (D:6)
  4 scorpions
  11 wights
  Dowan (D:6)
  24 killer bees
  7 howler monkeys
  18 electric eels
  13 orc priests
  5 hounds
  A gnoll bouda (D:9)
  7 iguanas
  41 orc wizards
  20 gnolls
  7 adders
  2 ufetubi
  2 worms (D:3)
  2 dart slugs
  104 orcs
  8 bats
  9 endoplasms
  2 giant cockroaches
  4 goblins
  10 hobgoblins
  6 jackals (D:1)
  59 kobolds
  5 quokkas
  3 training dummies (D:8)
  5 ball pythons
  3 frilled lizards
  6 rats
  A ball lightning (Shoals:1)
1164 creatures vanquished.

Vanquished Creatures (collateral kills)
  A redback (Spider:2)
  A killer bee (D:8)
2 creatures vanquished.

Vanquished Creatures (others)
  A tarantella (Spider:2)
  A jumping spider (Spider:2)
  2 orcs (Orc:2)
  146 ball lightnings
  57 fungi
  209 plants
  9 tentacles
425 creatures vanquished.

Grand Total: 1591 creatures vanquished

Notes
Turn   | Place    | Note
-------+----------+-------------------------------------------
     0 | D:5      | petzl the Formicid Delver began the quest for the Orb.
     0 | D:5      | Reached XP level 1. HP: 18/18 MP: 1/1
    48 | D:6      | Noticed a howler monkey
    78 | D:7      | Noticed a scorpion
    88 | D:5      | Noticed a hound
   192 | D:5      | Noticed an iguana
   224 | D:4      | Found a staircase to the Ecumenical Temple.
   227 | D:5      | Noticed a necrophage
   247 | Temple   | Entered the Ecumenical Temple
   441 | D:4      | Noticed a hound
   497 | D:4      | Reached skill level 1 in Spellcasting
   581 | D:4      | Noticed an iguana
   588 | D:4      | Killed an iguana
   589 | D:4      | Reached skill level 2 in Spellcasting
   589 | D:4      | Reached XP level 2. HP: 24/24 MP: 2/5
   589 | D:4      | Reached XP level 3. HP: 29/29 MP: 2/7
   672 | D:5      | Noticed a phantom
   700 | D:4      | Reached skill level 3 in Spellcasting
   700 | D:4      | Reached XP level 4. HP: 35/35 MP: 7/9
   748 | D:4      | Reached skill level 4 in Spellcasting
   839 | D:4      | Reached XP level 5. HP: 17/41 MP: 11/11
  1362 | D:3      | Identified the +9 whip of a Gauntlet {freeze, rC- Int+6}
  1387 | D:2      | Reached skill level 5 in Spellcasting
  1393 | D:2      | Found Koisuj's Distillery.
  1416 | D:2      | Bought a potion of curing for 39 gold pieces
  1459 | D:2      | Identified the +2 chain mail of Citziped {Harm rF- Will+
                  | MP+9}
  1748 | D:1      | Reached XP level 6. HP: 47/47 MP: 13/13
  2677 | D:2      | Found Mukuitapn's Weapon Shop.
  2707 | D:2      | Found Toif's Book Emporium.
  2886 | D:2      | Found Isuy's General Store.
  2892 | D:2      | Bought 3 curare-tipped darts for 18 gold pieces
  2892 | D:2      | Bought a potion of heal wounds for 50 gold pieces
  3998 | D:5      | Reached skill level 6 in Spellcasting
  4052 | D:5      | Reached XP level 7. HP: 53/53 MP: 16/16
  4262 | D:5      | Reached XP level 8. HP: 61/61 MP: 17/17
  4568 | D:4      | Reached skill level 5 in Fighting
  4832 | D:5      | Reached skill level 7 in Spellcasting
  4876 | D:6      | Noticed Duvessa
  4877 | D:6      | Noticed Dowan
  5065 | D:6      | Noticed Eustachio
  5176 | D:6      | Reached XP level 9. HP: 53/69 MP: 19/19
  5711 | D:6      | Learned a level 3 spell: Mephitic Cloud
  5713 | D:6      | Learned a level 1 spell: Magic Dart
  6004 | D:7      | Reached skill level 1 in Conjurations
  6004 | D:7      | Reached skill level 1 in Poison Magic
  6168 | D:8      | Found a flagged portal.
  6181 | Bailey   | Entered a bailey
  6188 | Bailey   | Noticed an orc knight
  6231 | Bailey   | Reached skill level 1 in Air Magic
  6383 | Bailey   | Killed an orc knight
  6691 | Bailey   | Learned a level 5 spell: Fireball
  6815 | D:8      | Found a runed translucent gate.
  6842 | D:8      | Reached XP level 10. HP: 76/76 MP: 9/21
  6854 | D:8      | Reached skill level 1 in Fire Magic
  6854 | D:8      | Found a runed translucent gate.
  6855 | D:8      | Found a runed translucent gate.
  6856 | D:8      | Noticed p00ps00p's ghost (novice HOFi)
  7107 | D:2      | Bought the +3 leather armour of Inference {Regen+ Int+5}
                  | for 345 gold pieces
  7146 | D:2      | Bought Great Wizards, Vol. VII for 330 gold pieces
  7151 | D:2      | Learned a level 4 spell: Passage of Golubria
  7344 | D:7      | Reached skill level 5 in Conjurations
  7498 | D:7      | Reached skill level 1 in Translocations
  7514 | D:7      | Noticed a cyclops
  7518 | D:7      | Identified the +5 arbalest "Niewixie" {freeze, Int+5}
  7518 | D:7      | Identified the +2 robe of the Alphagorgon {-Cast rPois
                  | Regen+ Dex+2}
  7518 | D:7      | Identified the amulet "Hainte" {Faith -Cast rC++ rN+ rCorr}
  7528 | D:7      | You are sucked into a shaft and drop 1 floor!
  7735 | D:10     | Entered Level 10 of the Dungeon
  7772 | D:10     | Noticed Harold
  7780 | D:10     | Noticed a komodo dragon
  7993 | D:9      | Found a staircase to the Orcish Mines.
  8555 | D:8      | Found a broken altar of Ashenzari.
  8555 | D:8      | Found Ximpeh's Antique Armour Emporium.
  8627 | D:8      | Bought a shimmering leather armour for 210 gold pieces
  8627 | D:8      | Identified the +0 leather armour of the Midnight Sun
                  | {Str+4} (You bought it in a shop on level 8 of the Dungeon)
  8799 | D:8      | Reached skill level 1 in Evocations
  8855 | D:7      | Reached skill level 5 in Fire Magic
  8857 | D:7      | Noticed Joseph
  8880 | D:7      | Killed Joseph
  9001 | D:6      | Killed Eustachio
  9191 | D:6      | Killed Dowan
  9209 | D:6      | Killed Duvessa
  9341 | D:6      | Reached XP level 11. HP: 73/81 MP: 15/22
  9492 | D:6      | Noticed Blork the orc
  9506 | D:6      | Killed Blork the orc
 10064 | D:7      | Identified a scroll of acquirement
 10110 | D:7      | Identified the ring of Desertification {rN++ Str+2 SInv}
 10458 | D:7      | Acquired 1141 gold pieces
 10634 | D:8      | Reached skill level 5 in Translocations
 10643 | D:8      | Found a staircase to the Lair.
 10679 | D:8      | Found Xyrghani's Firing Range.
 11061 | D:8      | Found a radiant altar of Vehumet.
 11064 | D:8      | Became a worshipper of Vehumet
 11075 | D:8      | Found a stormy altar of Qazlal.
 11677 | D:9      | Found a shimmering blue altar of Sif Muna.
 11678 | D:9      | Found a white marble altar of Elyvilon.
 11679 | D:9      | Found a basalt altar of Yredelemnul.
 11693 | D:9      | Found an iron altar of Okawaru.
 12046 | Orc:1    | Entered Level 1 of the Orcish Mines
 12184 | D:11     | Noticed a cyclops
 12400 | D:11     | Reached skill level 1 in Shields
 12553 | D:10     | Acquired a book of Ice
 12561 | D:10     | Learned a level 5 spell: Freezing Cloud
 12561 | D:10     | Acquired 854 gold pieces
 12563 | D:10     | Acquired the +3 warlock's mirror {reflect}
 12563 | D:10     | Found the +3 warlock's mirror {reflect}
 12762 | D:10     | Reached * piety under Vehumet
 12762 | D:10     | Offered knowledge of Freeze by Vehumet.
 12773 | D:10     | Noticed Urug
 12793 | D:10     | Killed Urug
 12794 | D:10     | Reached skill level 1 in Ice Magic
 13003 | D:10     | Reached XP level 12. HP: 89/89 MP: 7/23
 13011 | D:10     | Found Olla's Assorted Antiques.
 13355 | D:10     | Reached skill level 8 in Spellcasting
 13548 | D:10     | Bought a sedimented dark potion for 24 gold pieces
 13548 | D:10     | Bought a bubbling cyan potion for 24 gold pieces
 13548 | D:10     | Bought a viscous blue potion for 24 gold pieces
 13762 | D:10     | Killed Harold
 14087 | D:11     | Noticed Gastronok
 14391 | D:11     | Offered knowledge of Shock by Vehumet.
 14398 | D:11     | Reached ** piety under Vehumet
 14596 | D:11     | Found a blossoming altar of Fedhas.
 14596 | D:11     | Noticed a boulder beetle
 14602 | D:11     | Killed a boulder beetle
 14748 | D:11     | Killed Gastronok
 14871 | D:11     | Found a runed translucent gate.
 14872 | D:11     | Found a runed translucent gate.
 14872 | D:11     | Found a runed translucent gate.
 14874 | D:11     | Noticed Dordric's ghost (journeyman OgBe)
 15471 | D:12     | Reached skill level 5 in Ice Magic
 15566 | D:12     | Identified the +9 short sword "Death Rattle" {vorpal, rF-
                  | rC+ rN+ Int+3}
 15641 | D:12     | Reached XP level 13. HP: 97/98 MP: 10/25
 15975 | D:13     | Found a portal to a secret trove of treasure.
 16048 | D:13     | Reached skill level 9 in Spellcasting
 16079 | D:13     | Found a gate leading to a gauntlet.
 16096 | Gauntlet | Entered a Gauntlet
 16096 | Gauntlet | Found a transporter.
 16096 | Gauntlet | Found a transporter.
 16096 | Gauntlet | Found a transporter.
 16113 | Gauntlet | Noticed a ghost crab
 16116 | Gauntlet | Found a transporter.
 16118 | Gauntlet | Found a transporter.
 16118 | Gauntlet | Noticed a balrug
 16130 | Gauntlet | Found a transporter.
 16150 | Gauntlet | Found a transporter.
 16168 | Gauntlet | Found a transporter.
 16173 | Gauntlet | Found a transporter.
 16210 | Gauntlet | Found a transporter.
 16241 | Gauntlet | Found a transporter.
 16258 | Gauntlet | Found a transporter.
 16306 | Gauntlet | Identified the +2 pair of boots of Pemutiobb {rPois Str-5
                  | Dex+6 SInv}
 16407 | Gauntlet | Identified the amulet of Lugonu's Castigation {rElec Regen+
                  | rCorr Str+3 Int-3}
 16407 | Gauntlet | Noticed a minotaur
 16420 | Gauntlet | Killed a minotaur
 16449 | Gauntlet | Identified the +2 ring mail of Yesterday {Str+4 Int+3 SInv}
 16457 | Gauntlet | Identified the +0 kite shield of Limited Liability {rPois
                  | Will- Int+4}
 16457 | Gauntlet | Identified the +1 robe of Wunyb {Regen+}
 16518 | D:13     | Reached skill level 10 in Conjurations
 16554 | D:13     | Found a runed translucent door.
 16577 | D:13     | Found a runed translucent door.
 16589 | D:13     | Found a runed translucent door.
 16604 | D:13     | Found a runed translucent door.
 16739 | D:13     | Noticed a centaur warrior
 16743 | D:13     | Killed a centaur warrior
 16748 | D:13     | Offered knowledge of Ignite Poison by Vehumet.
 16902 | D:13     | Noticed a five-headed hydra
 16930 | D:13     | Noticed a rakshasa
 16946 | D:13     | You are sucked into a shaft and drop 2 floors!
 16946 | D:15     | Entered Level 15 of the Dungeon
 16954 | D:15     | Noticed a centaur warrior
 16961 | D:15     | Killed a centaur warrior
 16986 | D:15     | Noticed an eight-headed hydra
 16991 | D:15     | Killed an eight-headed hydra
 17057 | D:15     | Noticed an ice dragon
 17093 | D:15     | Killed an ice dragon
 17095 | D:15     | Found a frozen archway.
 17195 | D:14     | Found the +5 demon whip "Spellbinder" {antimagic, Will+}
 17256 | D:15     | Noticed an ogre mage
 17258 | D:15     | Noticed a four-headed hydra
 17261 | D:15     | Noticed a dire elephant
 17263 | D:15     | Killed an ogre mage
 17265 | D:15     | Killed a four-headed hydra
 17267 | D:15     | Reached *** piety under Vehumet
 17288 | D:14     | Noticed a seven-headed hydra
 17324 | D:14     | Killed a seven-headed hydra
 17325 | D:14     | Reached skill level 10 in Spellcasting
 17387 | IceCv    | Entered an ice cave
 17990 | IceCv    | Reached XP level 14. HP: 86/107 MP: 15/28
 18098 | IceCv    | Offered knowledge of Inner Flame by Vehumet.
 18671 | IceCv    | Reached skill level 5 in Air Magic
 19662 | IceCv    | Noticed a white draconian
 19771 | IceCv    | Killed a white draconian
 20184 | IceCv    | Noticed a frost giant
 20184 | IceCv    | Noticed a frost giant
 20458 | D:13     | You paid a toll of +5 ice dragon scales to enter a treasure
                  | trove
 20459 | Trove    | Entered a treasure trove
 20492 | Trove    | Got Sif Muna's Encyclopedia of Nocuous Gusts
 20498 | Trove    | Got Sif Muna's Incunabulum of the United Voyage
 20517 | Trove    | Got Sif Muna's Atlas of Battle Magic and the Undead
 20532 | Trove    | Learned a level 7 spell: Orb of Destruction
 20537 | Trove    | Learned a level 4 spell: Sticky Flame
 21194 | Lair:1   | Entered Level 1 of the Lair of Beasts
 21231 | Lair:1   | Identified the +3 whip of Hacking and Slashing {vorpal,
                  | Contam rC+++ Will+ rCorr}
 21418 | Lair:1   | Reached skill level 1 in Armour
 21522 | Lair:1   | Reached skill level 11 in Spellcasting
 21740 | Lair:1   | Reached **** piety under Vehumet
 22088 | Lair:1   | Offered knowledge of Olgreb's Toxic Radiance by Vehumet.
 23539 | Lair:2   | Reached ***** piety under Vehumet
 23766 | Lair:2   | Found a hole to the Spider Nest.
 23769 | Lair:2   | Offered knowledge of Starburst by Vehumet.
 23774 | Lair:2   | Reached skill level 10 in Fighting
 24363 | Lair:3   | Reached XP level 15. HP: 115/115 MP: 24/30
 24562 | Lair:5   | Entered Level 5 of the Lair of Beasts
 24578 | Lair:5   | Found a viscous altar of Jiyva.
 24579 | Lair:5   | Found a staircase to the Slime Pits.
 24661 | Lair:4   | Gained mutation: You have hidden genetic potential. [potion
                  | of mutation]
 24661 | Lair:4   | Gained mutation: You are weak. (Str -2) [potion of
                  | mutation]
 24661 | Lair:4   | Gained mutation: You occasionally shout uncontrollably at
                  | your foes. [potion of mutation]
 24662 | Lair:4   | Lost mutation: You have hidden genetic potential. [potion
                  | of mutation]
 24662 | Lair:4   | Lost mutation: You are weak. (Str -2) [potion of mutation]
 24662 | Lair:4   | Lost mutation: You occasionally shout uncontrollably at
                  | your foes. [potion of mutation]
 24662 | Lair:4   | Gained mutation: You passively map a small area around you.
                  | [potion of mutation]
 24662 | Lair:4   | Gained mutation: You are clumsy. (Dex -2) [potion of
                  | mutation]
 24662 | Lair:4   | Gained mutation: You possess an exceptional clarity of
                  | mind. [potion of mutation]
 24705 | Lair:4   | Identified the +7 shortbow of Poihux {drain, rElec rF+}
 24869 | Lair:3   | Found a staircase to the Shoals.
 26173 | Lair:5   | Reached skill level 12 in Spellcasting
 27444 | Lair:4   | Found a runed translucent door.
 27447 | Lair:4   | Noticed Jase's ghost (journeyman FoFi)
 28536 | Lair:4   | Identified the +1 ring mail "Cocin" {+Inv rC+ Slay+6}
 29295 | Lair:5   | Reached skill level 5 in Armour
 29520 | Lair:5   | Offered knowledge of Ozocubu's Refrigeration by Vehumet.
 30068 | Lair:5   | Identified the +6 spear of Bloody Death {vorpal, +Blink
                  | Str+2 Int-5 Dex+4}
 30468 | Lair:4   | You are sucked into a shaft and drop 1 floor!
 30502 | Lair:4   | Killed Jase's ghost
 30979 | D:13     | Learned a level 6 spell: Conjure Ball Lightning
 31084 | Orc:1    | Reached XP level 16. HP: 124/124 MP: 8/32
 31950 | Orc:2    | Entered Level 2 of the Orcish Mines
 32367 | Orc:2    | Reached skill level 13 in Spellcasting
 32591 | Orc:2    | Offered knowledge of Lee's Rapid Deconstruction by Vehumet.
 32775 | Orc:2    | Found Zasaazoe's Antique Weapon Boutique.
 32775 | Orc:2    | Found Owaujush's Antique Weapon Emporium.
 33035 | Orc:2    | Found a staircase to the Elven Halls.
 33206 | Orc:2    | Reached skill level 10 in Ice Magic
 33381 | Orc:2    | Found Weibbec's Jewellery Boutique.
 33381 | Orc:2    | Found Xuoh's Jewellery Emporium.
 33572 | Orc:2    | Found a gateway to a bazaar.
 33655 | Bazaar   | Entered a bazaar
 33655 | Bazaar   | Found Hojit's Book Shop.
 33662 | Bazaar   | Bought a book of the Dragon for 690 gold pieces
 33662 | Bazaar   | Bought a book of the Tundra for 480 gold pieces
 33677 | Bazaar   | Found Gotricie's General Store.
 33685 | Bazaar   | Bought a potion of heal wounds for 50 gold pieces
 33685 | Bazaar   | Bought 2 potions of curing for 60 gold pieces
 33685 | Bazaar   | Bought a throwing net for 30 gold pieces
 33687 | Bazaar   | Found Aroehodd's Magic Scroll Boutique.
 33695 | Bazaar   | Bought a scroll of enchant armour for 90 gold pieces
 33695 | Bazaar   | Bought a scroll of enchant armour for 90 gold pieces
 33695 | Bazaar   | Bought a scroll of identify for 24 gold pieces
 33697 | Bazaar   | Found Teannarph's Weapon Shoppe.
 33795 | Orc:2    | Bought a slimy spear for 144 gold pieces
 33795 | Orc:2    | Identified the +8 spear "Ziwkaonk" {spect, *Noise Str+4
                  | Dex+5} (You bought it in a shop on level 2 of the Orcish
                  | Mines)
 33795 | Orc:2    | Bought a brightly glowing battleaxe for 207 gold pieces
 33795 | Orc:2    | Identified the +4 battleaxe of Prescription {venom, rC+
                  | Will+ Int-3} (You bought it in a shop on level 2 of the
                  | Orcish Mines)
 33862 | Orc:2    | Bought the ring of Asegeam {rPois rF++ MP+9 Str-2 Dex+6}
                  | for 1270 gold pieces
 33871 | Orc:2    | Bought the ring "Onwimeko" {Will+ MP+9 EV+4} for 1012 gold
                  | pieces
 34165 | D:14     | Reached ****** piety under Vehumet
 34306 | D:13     | You are sucked into a shaft and drop 2 floors!
 34567 | D:14     | Found a gate to the Vaults.
 35245 | D:15     | Found a shadowy altar of Dithmenos.
 35835 | D:15     | Found a staircase to the Depths.
 35963 | D:13     | You are sucked into a shaft and drop 2 floors!
 36154 | D:8      | You are sucked into a shaft and drop 1 floor!
 36256 | D:8      | You are sucked into a shaft and drop 1 floor!
 36477 | D:8      | Offered knowledge of Lightning Bolt by Vehumet.
 36527 | D:8      | You are sucked into a shaft and drop 1 floor!
 36612 | D:8      | Killed p00ps00p's ghost
 36899 | D:11     | Killed Dordric's ghost
 37209 | Shoals:1 | Entered Level 1 of the Shoals
 37363 | Lair:3   | Learned a level 7 spell: Summon Hydra
 37402 | Shoals:2 | Noticed Polyphemus
 37506 | Shoals:1 | Reached skill level 10 in Fire Magic
 37679 | Shoals:1 | Reached skill level 14 in Spellcasting
 37791 | Shoals:1 | Reached skill level 1 in Summonings
 37924 | Shoals:1 | Reached XP level 17. HP: 66/133 MP: 29/35
 38058 | Shoals:1 | Noticed Kirke
 38067 | Shoals:1 | Killed Kirke
 38468 | Shoals:2 | Killed Polyphemus
 39620 | Shoals:2 | Offered knowledge of Lightning Bolt by Vehumet.
 40049 | Shoals:2 | Noticed a tentacled monstrosity
 40069 | Shoals:2 | Identified the ring of Gumaofiy {rF- Will++ MP+9}
 40666 | Shoals:2 | Killed a tentacled monstrosity
 40820 | Shoals:2 | Noticed a kraken
 40843 | Shoals:2 | Got Ceowid's Spellbook of Mad Ravings
 40909 | Shoals:2 | Killed a kraken
 41074 | Shoals:4 | Entered Level 4 of the Shoals
 41573 | Shoals:3 | Reached skill level 15 in Spellcasting
 42479 | Shoals:4 | Reached XP level 18. HP: 142/142 MP: 37/37
 42706 | Shoals:3 | Noticed a kraken
 42717 | Shoals:3 | Killed a kraken
 42930 | Shoals:3 | Found a transporter.
 42945 | Shoals:3 | Noticed Cihivoiw's ghost (adept TeCj)
 42952 | Shoals:3 | Noticed a kraken
 42964 | Shoals:3 | Killed a kraken
 43065 | Shoals:3 | Found a transporter.
 43372 | Shoals:4 | Identified the +5 dagger of the Lost Hells {venom, rC+}
 43802 | Shoals:4 | Offered knowledge of Starburst by Vehumet.
 44562 | Shoals:4 | Got a barnacled rune of Zot
 44778 | Shoals:4 | Reached skill level 5 in Summonings
 45183 | Shoals:3 | You are sucked into a shaft and drop 1 floor!
 45287 | Shoals:3 | Killed Cihivoiw's ghost
 45455 | Shoals:3 | Identified the ring of Freedom {Contam rPois MP+9 Dex+5}
 46079 | Spider:1 | Entered Level 1 of the Spider Nest
 46185 | Spider:1 | Learned a level 3 spell: Ozocubu's Armour
 46570 | Spider:2 | Noticed Nikola
 47266 | Spider:1 | Noticed Louise
 47279 | Spider:1 | Killed Louise
 48028 | Spider:1 | Noticed Donald
 48034 | Spider:1 | Killed Donald
 48395 | Spider:1 | Killed Nikola
 48539 | Spider:1 | Reached skill level 16 in Spellcasting
 48829 | Spider:2 | Reached XP level 19. HP: 105/130 MP: 32/39
 49146 | Spider:3 | Offered knowledge of Ignition by Vehumet.
 49232 | Spider:3 | Noticed Arachne
 49679 | Spider:4 | Entered Level 4 of the Spider Nest
 50752 | Spider:3 | Reached skill level 10 in Stealth
 51226 | Spider:3 | Found a transporter.
 51227 | Spider:3 | Found a transporter.
 51230 | Spider:3 | Noticed Dogosyr's ghost (journeyman DgEE)
 53399 | Spider:4 | Reached XP level 20. HP: 154/154 MP: 40/40
 54563 | Spider:4 | Got a gossamer rune of Zot
 55324 | Spider:3 | HP: 6/147 [emperor scorpion (4)]
 55324 | Spider:3 | Killed from afar by Dogosyr's ghost

Illustrated notes

Levels and vault maps discovered:
D:1:      kilobyte_arrival_exit_the_forest, layout_loops_cross,
          grunt_decor_clamped
D:2:      layout_rooms, serial_shops, nicolae_shop_stone,
          nicolae_shop_waterfront, nicolae_shop_stone, nicolae_square_shop,
          kennysheep_flooded_box
D:3:      layout_loops_ring
D:4:      layout_basic, minmay_temple_entry_mini_moons
D:5:      layout_loops_ring, minmay_splitting_lines
D:6:      minmay_goblin_kobold_castle, layout_rooms, uniq_blork_the_orc,
          uniq_eustachio, uniq_duvessa
D:7:      minmay_the_grid_four_pointed_star
          [minmay_the_grid_triangle_9x9_stretched_checkered,
          minmay_the_grid_triangle_9x9_flanged_cone,
          minmay_the_grid_triangle_9x9_skeleton,
          minmay_the_grid_triangle_9x9_corrupted_corridor,
          minmay_the_grid_prize_diamond_cup], layout_rooms, st_stairs_13,
          palyth_stone_intersect, uniq_joseph
D:8:      layout_loops_corners, mainiacjoe_overflow_swirl,
          cheibrodos_ashenzari_chains, david_lair_generic, enter_bailey_6,
          gammafunk_ghost_nasty_kobolds, serial_shops, shop,
          wad_floor_pattern_2, nicolae_shop_firing_range
D:9:      layout_basic, mainiacjoe_overflow_alcove_3, hiddenorc1_lemuel
D:10:     layout_loops_ring, nicolae_inconvenience_store, uniq_harold, uniq_urug
D:11:     layout_long_grid, gammafunk_ghost_spectres, kennysheep_donut,
          tgw_fedhas, uniq_gastronok
D:12:     layout_roguey
D:13:     layout_rooms, gauntlet_entry_generic, nicolae_trove_entry_crossroad,
          minmay_statue_crystal_thing
D:14:     layout_small_grid, erik_vaults_2, nicolae_water_bricks, abandoned_shop
D:15:     hangedman_depths_entry_try_elsewhere_first, layout_gridville,
          nicolae_dithmenos_through_a_glass_darkly, portal_ice_cave_entry_dragon
Temple:   bh_familiar_temple
Lair:1:   layout_long_grid, columned_hall_lemuel
Lair:2:   minmay_lair_oklob_tunnel, layout_small_grid,
          spider_nest_entry_funnel_web, special_room [special_room_bee],
          serial_bayou_lagoon_b, infiniplex_staircase_pool
Lair:3:   layout_big_grid, shoals_dummy_entry
Lair:4:   layout_cave_pods, ebering_ghost_inner_flame,
          chequers_serial_rivers_micro_c, minmay_holes, bobbens_dragon_lair_wall
Lair:5:   minmay_lair_end_frog_pond, layout_regular_city, slime_entry_1
Shoals:1: layout_shoals, nicolae_shoals_pincushion_passage, uniq_kirke
Shoals:2: dreamdust_from_the_deep, layout_shoals, uniq_polyphemus
Shoals:3: layout_shoals, gammafunk_ghost_berserking_beasts
Shoals:4: shoals_end_grunt_ice, layout_shoals
Spider:1: layout_chambers, guppyfry_spider_mini_2, uniq_donald, uniq_louise
Spider:2: layout_spider_delve, nicolae_spider_jagged_tunnels, uniq_nikola
Spider:3: layout_spider_delve, nzn_ghost_randoct,
          hangedman_spider_tarantella_strand, uniq_arachne
Spider:4: guppyfry_spider_rune
Orc:1:    layout_caves
Orc:2:    st_orc_town, layout_caves, serial_shops, freezing_bzr, mines_bat_river

Skill      XL: |  1  2  3  4  5  6  7  8  9 10 11 12 13 14 15 16 17 18 19 |
---------------+----------------------------------------------------------+-----
Spellcasting   | 2 3 4 5 6 7 8 10 11 12 14 15 16 | 16.9
Dodging        | 2 3 4 |  4.0
Fighting       | 4 5 6 7 9 10 11 12 13 | 13.9
Stealth        | 7 8 9 10 | 10.9
Conjurations   | 4 6 8 9 10 11 12 13 | 13.5
Poison Magic   | 4 |  4.4
Air Magic      | 2 3 4 5 |  5.0
Fire Magic     | 5 6 8 9 10 11 12 | 12.2
Translocations | 3 5 6 7 8 9 |  9.6
Evocations     | 2 3 |  3.0
Shields        | 3 4 |  4.0
Ice Magic      | 1 5 7 9 11 12 13 | 13.5
Maces & Flails | 3 |  3.0
Armour         | 2 5 6 |  6.0
Summonings     | 1 4 5 8 |  8.9

Action                   |  1- 3 |  4- 6 |  7- 9 | 10-12 | 13-15 | 16-18 | 19-21 || total
-------------------------+-------+-------+-------+-------+-------+-------+-------++-------
Melee: Mace              |    11 |    51 |       |       |       |       |       ||    62
       Whip              |       |   122 |   226 |   465 |   161 |   229 |   116 ||  1319
       Punch             |       |       |     7 |     3 |       |       |       ||    10
       Dagger            |       |       |       |    20 |    25 |       |       ||    45
       Demon whip        |       |       |       |       |    10 |       |       ||    10
 Fire: Sling             |       |       |       |    78 |    10 |       |       ||    88
       Shortbow          |       |       |       |    13 |       |       |       ||    13
       Arbalest          |       |       |       |     3 |     4 |       |       ||     7
Throw: Javelin           |     6 |     9 |     7 |       |       |       |     1 ||    23
       Stone             |       |     2 |    10 |       |       |       |       ||    12
       Dart              |       |     4 |    17 |    16 |    11 |     8 |       ||    56
       Boomerang         |       |       |    17 |    14 |       |       |       ||    31
       Throwing net      |       |       |       |       |     1 |       |       ||     1
 Cast: Mephitic Cloud    |       |       |    16 |    77 |     4 |    35 |    41 ||   173
       Fireball          |       |       |       |    26 |   119 |    40 |    16 ||   201
       Freezing Cloud    |       |       |       |    18 |   107 |   247 |    31 ||   403
       Magic Dart        |       |       |       |    12 |    16 |     5 |       ||    33
       Passage of Golubr |       |       |       |     2 |     6 |     1 |     2 ||    11
       Orb of Destructio |       |       |       |       |   104 |   236 |    90 ||   430
       Sticky Flame      |       |       |       |       |    25 |    58 |    43 ||   126
       Conjure Ball Ligh |       |       |       |       |       |    31 |    30 ||    61
       Ozocubu's Armour  |       |       |       |       |       |     9 |     5 ||    14
 Abil: Dig               |       |       |       |     1 |     6 |     5 |     3 ||    15
       Shaft Self        |       |       |       |     1 |     2 |     6 |       ||     9
Evoke: Wand              |       |       |       |     1 |     3 |     5 |     3 ||    12
       Condenser vane    |       |       |       |       |     1 |       |       ||     1
  Use: Scroll            |       |       |     5 |    11 |    10 |     9 |       ||    35
       Potion            |       |       |       |     1 |    17 |     6 |     2 ||    26
 Stab: Sleeping          |     1 |    11 |     5 |     3 |     1 |       |     1 ||    22
       Distracted        |       |       |     1 |     1 |     1 |       |       ||     3
       Confused          |       |       |     5 |    31 |       |    10 |    11 ||    57
       Invisible         |       |       |       |       |       |     1 |     2 ||     3
Armor: Leather armour    |     3 |    27 |    77 |   167 |   117 |   181 |    61 ||   633
Dodge: Dodged            |    10 |    93 |   193 |   317 |   149 |   290 |   165 ||  1217
Block: Buckler           |       |       |       |    30 |   120 |   227 |    95 ||   472
       Reflection        |       |       |       |     2 |    19 |    36 |     1 ||    58

Table legend: (Time is in decaauts)
 A = Elapsed time spent in this place.
 B = Non-inter-level travel time spent in this place.
 C = Inter-level travel time spent in this place.
 D = Time resting spent in this place.
 E = Time spent auto-exploring this place.
 F = Levels seen in this place.
 G = Mean time per level.
                   A        B        C        D        E       F      G
               +--------+--------+--------+--------+--------+-----+--------+
         Total |  55528 |  51061 |   4467 |  18938 |  13270 |  36 | 1542.4 |
       Dungeon |  21316 |  18819 |   2497 |   4113 |   7254 |  15 | 1421.1 |
        Temple |    171 |    158 |     13 |      0 |    147 |   1 |  171.0 |
          Lair |   9615 |   8806 |    809 |   3714 |   2766 |   5 | 1923.0 |
        Shoals |   8415 |   8026 |    389 |   4352 |    303 |   4 | 2103.8 |
   Spider Nest |   9258 |   8665 |    593 |   4154 |   2195 |   4 | 2314.5 |
  Orcish Mines |   2619 |   2454 |    165 |    763 |    377 |   2 | 1309.5 |
        Bazaar |     83 |     83 |      0 |      0 |      0 |   1 |   83.0 |
         Trove |     91 |     91 |      0 |      0 |      0 |   1 |   91.0 |
        Bailey |    625 |    625 |      0 |    176 |    127 |   1 |  625.0 |
      Ice Cave |   2940 |   2940 |      0 |   1623 |    101 |   1 | 2940.0 |
      Gauntlet |    391 |    391 |      0 |     43 |      0 |   1 |  391.0 |
               +--------+--------+--------+--------+--------+-----+--------+

Top non-repeatable levels by time:
Spider:4: 3352 daAuts
  Lair:4: 3297 daAuts
   IceCv: 2940 daAuts
Spider:1: 2924 daAuts
     D:9: 2408 daAuts
Shoals:3: 2346 daAuts
     D:8: 2337 daAuts
Shoals:4: 2268 daAuts
Shoals:2: 2127 daAuts
    D:11: 2100 daAuts
  Lair:2: 1899 daAuts
  Lair:5: 1872 daAuts
     D:6: 1849 daAuts
Shoals:1: 1671 daAuts
     D:7: 1628 daAuts
